| TOP OF THE 1ST |
|
Pulaski Yankees batting - Pitching for Greeneville Astros : RHP Mike Wirick
|
|
Pitching: RHP Mike Wirick
|
|
|
Batting: RHB Jonathan Iniguez
|
0-0: Ball 1-0: Called Strike 1-1: Bunt for hit to P - play at first, batter OUT! 1-3
|
|
Batting: RHB Gonçalo Burhil
|
0-0: Ball 1-0: Fly out, F5 (Popup, 15S, EV 81.9 MPH)
|
|
Batting: SHB Corey Penson
|
0-0: Foul Ball, location: 2F 0-1: Ball 1-1: SINGLE (Groundball, 4D, EV 104.4 MPH)
|
|
Batting: LHB Steve LeGrand
|
0-0: Called Strike 0-1: Called Strike 0-2: Ball 1-2: Ground out 1-3 (Groundball, P, EV 61.2 MPH)
|
| Top of the 1st over - 0 runs, 1 hit, 0 errors, 1 left on base; Pulaski 0 - Greeneville 0 |
| BOTTOM OF THE 1ST |
|
Greeneville Astros batting - Pitching for Pulaski Yankees : LHP Alex Ramirez
|
|
Pitching: LHP Alex Ramirez
|
|
|
Batting: RHB Omar Amaya
|
0-0: Ball 1-0: Ground out 6-3 (Groundball, 56, EV 86.9 MPH)
|
|
Batting: SHB Miguel Sierra
|
0-0: Swinging Strike 0-1: Hit by Pitch
|
|
Batting: LHB Mark Dearth
|
0-0: Swinging Strike 0-1: Ball Wild Pitch! Miguel Sierra to second 1-1: Foul Ball, location: 2F 1-2: Strikes out swinging
|
|
Batting: RHB Erik Smith
|
0-0: Ball 1-0: Foul Ball, location: 2F 1-1: Fly out, F9 (Flyball, 89S, EV 92.5 MPH)
|
| Bottom of the 1st over - 0 runs, 0 hits, 0 errors, 1 left on base; Pulaski 0 - Greeneville 0 |
| TOP OF THE 2ND |
|
Pulaski Yankees batting - Pitching for Greeneville Astros : RHP Mike Wirick
|
|
Batting: LHB Jared Zulkowski
|
0-0: SOLO HOME RUN (Flyball, 9D, EV 95.0 MPH), Distance : 361 ft
|
|
Batting: LHB Sergio Huerta
|
0-0: Ball 1-0: Reached on error, E5 (Groundball, 5, EV 89.4 MPH)
|
|
Batting: LHB Matt Cusatis
|
0-0: Called Strike 0-1: Called Strike 0-2: Strikes out swinging
|
|
Batting: RHB Ben Cunningham
|
0-0: Ground out 3-1 (Groundball, 34S, EV 86.2 MPH) Sergio Huerta to third
|
|
Batting: LHB Dustin Shaw
|
0-0: Ball 1-0: Ground out 4-3 (Groundball, 4S, EV 86.2 MPH)
|
| Top of the 2nd over - 1 run, 1 hit, 1 error, 1 left on base; Pulaski 1 - Greeneville 0 |
| BOTTOM OF THE 2ND |
|
Greeneville Astros batting - Pitching for Pulaski Yankees : LHP Alex Ramirez
|
|
Batting: RHB Yoshitoshi Mori
|
0-0: Foul Ball, location: 2F 0-1: Ball 1-1: SINGLE (Line Drive, 9S, EV 99.4 MPH)
|
|
Batting: LHB Daigo Ishii
|
0-0: Ball 1-0: Fielders Choice at 2nd, 1-6 (Groundball, P, EV 67.5 MPH)
|
|
Batting: RHB Russ Greer
|
0-0: Called Strike 0-1: Foul Ball, location: 2F 0-2: Strikes out swinging
|
|
Batting: RHB Keith Goodwin
|
0-0: Ball 1-0: Ball 2-0: Fly out, F7 (Flyball, 78M, EV 78.8 MPH)
|
| Bottom of the 2nd over - 0 runs, 1 hit, 0 errors, 1 left on base; Pulaski 1 - Greeneville 0 |
| TOP OF THE 3RD |
|
Pulaski Yankees batting - Pitching for Greeneville Astros : RHP Mike Wirick
|
|
Batting: RHB Jonathan Iniguez
|
0-0: Ball 1-0: Ball 2-0: Ball 3-0: Base on Balls
|
|
Batting: RHB Gonçalo Burhil
|
0-0: Ball 1-0: Ball 2-0: Foul Ball, location: 2F 2-1: Swinging Strike 2-2: Ground out 5-3 (Groundball, 56, EV 78.8 MPH) Jonathan Iniguez to second
|
|
Batting: SHB Corey Penson
|
0-0: Called Strike Jonathan Iniguez steals 3rd base 0-1: Ground out 6-3 (Groundball, 6, EV 85.0 MPH) Jonathan Iniguez scores
|
|
Batting: LHB Steve LeGrand
|
0-0: Ball 1-0: Ball 2-0: Swinging Strike 2-1: Ball 3-1: Base on Balls
|
|
Batting: LHB Jared Zulkowski
|
0-0: Ball 1-0: Ball 2-0: Ground out U3 (Groundball, 3L, EV 98.1 MPH)
|
| Top of the 3rd over - 1 run, 0 hits, 0 errors, 1 left on base; Pulaski 2 - Greeneville 0 |
| BOTTOM OF THE 3RD |
|
Greeneville Astros batting - Pitching for Pulaski Yankees : LHP Alex Ramirez
|
|
Batting: RHB Gabe Allen
|
0-0: Foul Ball, location: 2F 0-1: Ball 1-1: Foul Ball, location: 2F 1-2: Ground out 5-3 (Groundball, 5L, EV 104.4 MPH)
|
|
Batting: RHB Omar Amaya
|
0-0: Ball 1-0: Foul Ball, location: 2F 1-1: Ball 2-1: Foul Ball, location: 2F 2-2: Strikes out swinging
|
|
Batting: SHB Miguel Sierra
|
0-0: SINGLE (Groundball, 6MD, EV 100.6 MPH)
|
|
Batting: LHB Mark Dearth
|
0-0: Ground out 1-3 (Groundball, 13, EV 65.0 MPH)
|
| Bottom of the 3rd over - 0 runs, 1 hit, 0 errors, 1 left on base; Pulaski 2 - Greeneville 0 |
| TOP OF THE 4TH |
|
Pulaski Yankees batting - Pitching for Greeneville Astros : RHP Mike Wirick
|
|
Batting: LHB Sergio Huerta
|
0-0: SINGLE (Groundball, 4MD, EV 97.5 MPH)
|
|
Batting: LHB Matt Cusatis
|
0-0: Ball 1-0: Foul Ball, location: 2F 1-1: Ball 2-1: Foul Ball, location: 2F 2-2: Ball 3-2: Foul Ball, location: 2F 3-2: Fielders Choice at 2nd, 1-6 (Groundball, 13S, EV 68.1 MPH)
|
|
Batting: RHB Ben Cunningham
|
0-0: Grounds into double play, 4-6-3 (Groundball, 4, EV 78.8 MPH)
|
| Top of the 4th over - 0 runs, 1 hit, 0 errors, 0 left on base; Pulaski 2 - Greeneville 0 |
| BOTTOM OF THE 4TH |
|
Greeneville Astros batting - Pitching for Pulaski Yankees : LHP Alex Ramirez
|
|
Batting: RHB Erik Smith
|
0-0: Swinging Strike 0-1: Ball 1-1: Ground out U3 (Groundball, 34S, EV 91.9 MPH)
|
|
Batting: RHB Yoshitoshi Mori
|
0-0: Ball 1-0: SOLO HOME RUN (Flyball, 7D, EV 100.6 MPH), Distance : 375 ft
|
|
Batting: LHB Daigo Ishii
|
0-0: Fly out, F9 (Flyball, 89M, EV 85.0 MPH)
|
|
Batting: RHB Russ Greer
|
0-0: Ball 1-0: Ball 2-0: Called Strike 2-1: Swinging Strike 2-2: Foul Ball, location: 2F 2-2: Ball 3-2: Strikes out swinging
|
| Bottom of the 4th over - 1 run, 1 hit, 0 errors, 0 left on base; Pulaski 2 - Greeneville 1 |
| TOP OF THE 5TH |
|
Pulaski Yankees batting - Pitching for Greeneville Astros : RHP Mike Wirick
|
|
Batting: LHB Dustin Shaw
|
0-0: SINGLE (Flyball, 8LS, EV 86.9 MPH)
|
|
Batting: RHB Jonathan Iniguez
|
0-0: Called Strike 0-1: Ball 1-1: Foul Ball, location: 2F 1-2: Strikes out swinging
|
|
Batting: RHB Gonçalo Burhil
|
0-0: Ball 1-0: Called Strike 1-1: Foul Ball, location: 2F 1-2: Ball 2-2: Fly out, F9 (Flyball, 9, EV 84.4 MPH)
|
|
Batting: SHB Corey Penson
|
0-0: Ball 1-0: Ball 2-0: Ground out U3 (Groundball, 3L, EV 103.1 MPH)
|
| Top of the 5th over - 0 runs, 1 hit, 0 errors, 1 left on base; Pulaski 2 - Greeneville 1 |
| BOTTOM OF THE 5TH |
|
Greeneville Astros batting - Pitching for Pulaski Yankees : LHP Alex Ramirez
|
|
Batting: RHB Keith Goodwin
|
0-0: Called Strike 0-1: Foul Ball, location: 2F 0-2: Ball 1-2: Foul Ball, location: 2F 1-2: Foul Ball, location: 2F 1-2: SOLO HOME RUN (Flyball, 7D, EV 96.9 MPH), Distance : 371 ft
|
|
Batting: RHB Gabe Allen
|
0-0: Foul Ball, location: 2F 0-1: Ball 1-1: Swinging Strike 1-2: Foul Ball, location: 2F 1-2: Ball 2-2: Strikes out swinging
|
|
Batting: RHB Omar Amaya
|
0-0: Ball 1-0: Ball 2-0: Ball 3-0: Base on Balls
|
|
Batting: SHB Miguel Sierra
|
Pickoff Play to 1st, Runner tries for 2nd, OUT after rundown. 0-0: SOLO HOME RUN (Line Drive, 7LD, EV 95.0 MPH), Distance : 362 ft
|
|
DELAY
|
Rain delay of 65 minutes in the 5th inning.
|
|
Pitching: RHP Jon Campbell
|
|
|
Batting: LHB Mark Dearth
|
0-0: Called Strike 0-1: Fly out, F8 (Flyball, 8LM, EV 76.2 MPH)
|
| Bottom of the 5th over - 2 runs, 2 hits, 0 errors, 0 left on base; Pulaski 2 - Greeneville 3 |
| TOP OF THE 6TH |
|
Pulaski Yankees batting - Pitching for Greeneville Astros : RHP Mike Wirick
|
|
Pitching: RHP Kuaika Anakala
|
|
|
Batting: LHB Steve LeGrand
|
0-0: Ball 1-0: Foul Ball, location: 2F 1-1: Foul Ball, location: 2F 1-2: Ground out 6-3 (Groundball, 6, EV 93.1 MPH)
|
|
Batting: LHB Jared Zulkowski
|
0-0: Ball 1-0: Foul Ball, location: 2F 1-1: Swinging Strike 1-2: Foul Ball, location: 2F 1-2: SINGLE (Groundball, 56S, EV 96.2 MPH)
|
|
Batting: LHB Sergio Huerta
|
0-0: Called Strike 0-1: Swinging Strike 0-2: Ball 1-2: Strikes out looking
|
|
Batting: LHB Matt Cusatis
|
0-0: Fielders Choice at 2nd, U4 (Groundball, 4M, EV 85.0 MPH)
|
| Top of the 6th over - 0 runs, 1 hit, 0 errors, 1 left on base; Pulaski 2 - Greeneville 3 |
| BOTTOM OF THE 6TH |
|
Greeneville Astros batting - Pitching for Pulaski Yankees : RHP Jon Campbell
|
|
Batting: RHB Erik Smith
|
0-0: Called Strike 0-1: Foul Ball, location: 2F 0-2: Ball 1-2: Ball 2-2: Ball 3-2: Foul Ball, location: 2F 3-2: Base on Balls
|
|
Batting: RHB Yoshitoshi Mori
|
0-0: Called Strike 0-1: Foul Ball, location: 2F 0-2: Strikes out swinging
|
|
Batting: LHB Daigo Ishii
|
0-0: Foul Ball, location: 2F 0-1: Ball 1-1: Foul Ball, location: 2F 1-2: Ball 2-2: Ball 3-2: 2-RUN HOME RUN (Flyball, 89XD, EV 96.9 MPH), Distance : 375 ft
|
|
Batting: RHB Russ Greer
|
0-0: Ball 1-0: Ball 2-0: Ball 3-0: Called Strike 3-1: Foul Ball, location: 2F 3-2: Foul Ball, location: 2F 3-2: Base on Balls
|
|
Batting: RHB Keith Goodwin
|
0-0: Ball 1-0: Swinging Strike 1-1: Swinging Strike 1-2: Hit by Pitch Russ Greer to second
|
|
Batting: RHB Gabe Allen
|
0-0: Ball Wild Pitch! Russ Greer to third Keith Goodwin to second 1-0: Intentional Walk
|
|
Batting: RHB Omar Amaya
|
0-0: Called Strike 0-1: DOUBLE (Line Drive, 78D, EV 106.2 MPH) Russ Greer scores Keith Goodwin scores Gabe Allen to third Runner from 3rd tries for Home, throw by LF and OUT! 7-6-2
|
|
Batting: SHB Miguel Sierra
|
0-0: Swinging Strike 0-1: Ball 1-1: Fly out, F8 (Flyball, 8RD, EV 103.8 MPH)
|
| Bottom of the 6th over - 4 runs, 2 hits, 0 errors, 1 left on base; Pulaski 2 - Greeneville 7 |
| TOP OF THE 7TH |
|
Pulaski Yankees batting - Pitching for Greeneville Astros : RHP Kuaika Anakala
|
|
Batting: RHB Ben Cunningham
|
0-0: SINGLE (Groundball, 6, EV 94.4 MPH)
|
|
Batting: LHB Dustin Shaw
|
0-0: Bunted foul 0-1: Bunted foul 0-2: Bunt missed, Strikeout!
|
|
Batting: RHB Jonathan Iniguez
|
0-0: Foul Ball, location: 2F 0-1: Ball 1-1: Ball 2-1: Foul Ball, location: 2F 2-2: Ball 3-2: Foul Ball, location: 2F 3-2: Base on Balls Ben Cunningham to second
|
|
Batting: RHB Gonçalo Burhil
|
0-0: Ball 1-0: Foul Ball, location: 2F 1-1: Called Strike 1-2: Foul Ball, location: 2F 1-2: DOUBLE (Flyball, 78XD, EV 103.8 MPH) Ben Cunningham scores Jonathan Iniguez to third Runner from 3rd tries for Home, SAFE, throw by LF to home
|
|
Pitching: RHP Greg Otto
|
|
|
Batting: SHB Corey Penson
|
0-0: Foul Ball, location: 2F 0-1: Ball 1-1: Ball 2-1: Foul Ball, location: 2F 2-2: Foul Ball, location: 2F 2-2: Ball 3-2: Foul Ball, location: 2F 3-2: Base on Balls
|
|
Batting: LHB Steve LeGrand
|
0-0: Ball 1-0: Fly out, F7 (Flyball, 7LM, EV 100.6 MPH)
|
|
Batting: LHB Jared Zulkowski
|
0-0: Ball 1-0: Called Strike 1-1: Fly out, F8 (Flyball, 89S, EV 78.8 MPH)
|
| Top of the 7th over - 2 runs, 2 hits, 0 errors, 2 left on base; Pulaski 4 - Greeneville 7 |
| BOTTOM OF THE 7TH |
|
Greeneville Astros batting - Pitching for Pulaski Yankees : RHP Jon Campbell
|
|
Batting: LHB Mark Dearth
|
0-0: Foul Ball, location: 2F 0-1: Ball 1-1: Swinging Strike 1-2: Hit by Pitch
|
|
Batting: RHB Erik Smith
|
0-0: Called Strike 0-1: Ball 1-1: Ball 2-1: Ball 3-1: Foul Ball, location: 2F 3-2: Strikes out looking
|
|
Batting: RHB Yoshitoshi Mori
|
Pickoff Throw to First - Out! 1-3 CS 0-0: Ball 1-0: Foul Ball, location: 2F 1-1: Foul Ball, location: 2F 1-2: Strikes out looking
|
| Bottom of the 7th over - 0 runs, 0 hits, 0 errors, 0 left on base; Pulaski 4 - Greeneville 7 |
| TOP OF THE 8TH |
|
Pulaski Yankees batting - Pitching for Greeneville Astros : RHP Greg Otto
|
|
Pitching: LHP Bernard Grose
|
|
|
Batting: LHB Sergio Huerta
|
0-0: Called Strike 0-1: Swinging Strike 0-2: Strikes out looking
|
|
Batting: LHB Matt Cusatis
|
0-0: Ball 1-0: SINGLE (Line Drive, 4D, EV 100.0 MPH)
|
|
Batting: RHB Ben Cunningham
|
0-0: Ball 1-0: Bunt missed! 1-1: Ball 2-1: Sac Bunt to 23 - play at first, batter OUT! 3-4 Matt Cusatis to second
|
|
Batting: LHB Dustin Shaw
|
0-0: Called Strike 0-1: Ball 1-1: Ball 2-1: Foul Ball, location: 2F 2-2: Ball 3-2: Strikes out swinging
|
| Top of the 8th over - 0 runs, 1 hit, 0 errors, 1 left on base; Pulaski 4 - Greeneville 7 |
| BOTTOM OF THE 8TH |
|
Greeneville Astros batting - Pitching for Pulaski Yankees : RHP Jon Campbell
|
|
Batting: LHB Daigo Ishii
|
0-0: Called Strike 0-1: Ball 1-1: Foul Ball, location: 2F 1-2: Ball 2-2: Foul Ball, location: 2F 2-2: Ball 3-2: Base on Balls
|
|
Batting: RHB Russ Greer
|
0-0: Ball 1-0: Called Strike 1-1: Swinging Strike 1-2: Ball 2-2: Hit by Pitch Daigo Ishii to second
|
|
Pitching: LHP Jessie Neal
|
|
|
Batting: RHB Keith Goodwin
|
0-0: Ball Passed Ball! Daigo Ishii to third Russ Greer to second 1-0: Ball 2-0: Foul Ball, location: 2F 2-1: Foul Ball, location: 2F 2-2: Ball 3-2: Base on Balls
|
|
Batting: RHB Gabe Allen
|
0-0: Called Strike 0-1: Grounds into fielders choice 4-2 (Groundball, 6, EV 84.4 MPH) Russ Greer to third Keith Goodwin to second
|
|
Batting: RHB Omar Amaya
|
0-0: Called Strike 0-1: Fly out, F8 (Flyball, 8LD, EV 91.9 MPH) Throwing error, E8 Russ Greer scores Keith Goodwin to third Gabe Allen to second
|
|
Batting: SHB Miguel Sierra
|
0-0: Called Strike 0-1: Foul Ball, location: 2F 0-2: Strikes out swinging
|
| Bottom of the 8th over - 1 run, 0 hits, 1 error, 2 left on base; Pulaski 4 - Greeneville 8 |
| TOP OF THE 9TH |
|
Pulaski Yankees batting - Pitching for Greeneville Astros : LHP Bernard Grose
|
|
Batting: RHB Jonathan Iniguez
|
0-0: Foul Ball, location: 2F 0-1: Fly out, F8 (Flyball, 8LD, EV 79.4 MPH)
|
|
Batting: RHB Gonçalo Burhil
|
0-0: Ball 1-0: Fly out, F8 (Line Drive, 8LM, EV 88.8 MPH)
|
|
Batting: SHB Corey Penson
|
0-0: Called Strike 0-1: Ball 1-1: Ball 2-1: Foul Ball, location: 2F 2-2: Ball 3-2: SINGLE (Line Drive, 8RS, EV 103.8 MPH)
|
|
Batting: LHB Steve LeGrand
|
0-0: Called Strike 0-1: Foul Ball, location: 2F 0-2: Strikes out swinging
|
| Top of the 9th over - 0 runs, 1 hit, 0 errors, 1 left on base; Pulaski 4 - Greeneville 8 |
|